TOP OF THE 1ST |
Savannah Hogs batting - Pitching for Pensacola Pilots : RHP Juan Martínez
|
Pitching: RHP Juan Martínez
|
|
Batting: RHB Guillermo González
|
0-0: Foul Ball, location: 2F 0-1: Ball 1-1: Swinging Strike 1-2: SINGLE (Line Drive, 6MD)
|
Batting: LHB Mario Álvarez
|
0-0: Fly out, F8 (Flyball, 8LS)
|
Batting: LHB Ivan Costello
|
0-0: Called Strike Guillermo González is caught stealing 2nd base 0-1: Ball 1-1: Swinging Strike 1-2: Ball 2-2: Foul Ball, location: 2F 2-2: Ball 3-2: Foul Ball, location: 2F 3-2: Strikes out looking
|
Top of the 1st over - 0 run(s), 1 hit(s), 0 error(s), 0 left on base; Savannah 0 - Pensacola 0 |
BOTTOM OF THE 1ST |
Pensacola Pilots batting - Pitching for Savannah Hogs : RHP Esteban Ramírez
|
Pitching: RHP Esteban Ramírez
|
|
Batting: RHB Marcos García
|
0-0: Foul Ball, location: 2F 0-1: SINGLE (Line Drive, 5D)
|
Batting: RHB Leopoldo Horgan
|
0-0: Called Strike 0-1: Ball 1-1: Ball 2-1: Ball 3-1: Fielders Choice at 2nd, 5-4 (Groundball, 56)
|
Batting: SHB Fernando Gutiérrez
|
0-0: DOUBLE (Line Drive, 9LM) Leopoldo Horgan to third
|
Batting: LHB Nick Gamble
|
0-0: Ball 1-0: Ball 2-0: Ball 3-0: Called Strike 3-1: Foul Ball, location: 2F 3-2: Base on Balls
|
Batting: RHB Alfonso Sánchez
|
0-0: Called Strike 0-1: Ball Passed Ball! Leopoldo Horgan scores Fernando Gutiérrez to third Nick Gamble to second 1-1: Ball 2-1: Ground out U3 (Groundball, 34S) Fernando Gutiérrez scores Nick Gamble to third
|
Batting: LHB Joe Storms
|
0-0: Called Strike 0-1: Called Strike 0-2: Ball 1-2: Fly out, F8 (Flyball, 8LM)
|
Bottom of the 1st over - 2 run(s), 2 hit(s), 0 error(s), 1 left on base; Savannah 0 - Pensacola 2 |
TOP OF THE 2ND |
Savannah Hogs batting - Pitching for Pensacola Pilots : RHP Juan Martínez
|
Batting: LHB Jim Clemente
|
0-0: Ground out 5-3 (Groundball, 5)
|
Batting: RHB José Fajardo
|
0-0: Ball 1-0: Ball 2-0: Foul Ball, location: 2F 2-1: Foul Ball, location: 2F 2-2: SINGLE (Groundball, 6MD)
|
Batting: LHB Miguel Medellín
|
0-0: Swinging Strike 0-1: Swinging Strike 0-2: Ball 1-2: Ball 2-2: Fielders Choice at 2nd, 6-4 (Groundball, 6)
|
Batting: RHB Remi Eruzione
|
0-0: Ball 1-0: Fly out, F9 (Flyball, 89M)
|
Top of the 2nd over - 0 run(s), 1 hit(s), 0 error(s), 1 left on base; Savannah 0 - Pensacola 2 |
BOTTOM OF THE 2ND |
Pensacola Pilots batting - Pitching for Savannah Hogs : RHP Esteban Ramírez
|
Batting: LHB Júlio Guzmán
|
0-0: SINGLE (Groundball, 4MD)
|
Batting: RHB Larry Crawford
|
0-0: Ball 1-0: Called Strike 1-1: Ball 2-1: Called Strike 2-2: Ball 3-2: Fly out, F8 (Flyball, 8LM)
|
Batting: LHB Ángel Flores
|
0-0: Called Strike 0-1: Fly out, F8 (Flyball, 8LM)
|
Batting: RHB Marcos García
|
0-0: Ball 1-0: Foul Ball, location: 2F 1-1: Fly out, F8 (Flyball, 89M)
|
Bottom of the 2nd over - 0 run(s), 1 hit(s), 0 error(s), 1 left on base; Savannah 0 - Pensacola 2 |
TOP OF THE 3RD |
Savannah Hogs batting - Pitching for Pensacola Pilots : RHP Juan Martínez
|
Batting: RHB Ramón Gómez
|
0-0: Ball 1-0: Swinging Strike 1-1: Ball 2-1: SINGLE (Groundball, 6MD)
|
Batting: RHB Luis González
|
0-0: Called Strike Ramón Gómez steals 2nd base 0-1: SINGLE (Line Drive, 34D) Ramón Gómez to third Runner from 3rd tries for Home, SAFE, no throw
|
Batting: RHB Guillermo González
|
0-0: Swinging Strike 0-1: Ball 1-1: Fly out, F8 (Line Drive, 8RM)
|
Batting: LHB Mario Álvarez
|
0-0: Called Strike 0-1: Grounds into double play, 4-6-3 (Groundball, 4)
|
Top of the 3rd over - 1 run(s), 2 hit(s), 0 error(s), 0 left on base; Savannah 1 - Pensacola 2 |
BOTTOM OF THE 3RD |
Pensacola Pilots batting - Pitching for Savannah Hogs : RHP Esteban Ramírez
|
Batting: RHB Leopoldo Horgan
|
0-0: Ball 1-0: SINGLE (Line Drive, 4D)
|
Batting: SHB Fernando Gutiérrez
|
0-0: Called Strike 0-1: Ball 1-1: Ball 2-1: Foul Ball, location: 2F 2-2: TRIPLE (Line Drive, 7) Leopoldo Horgan scores
|
Batting: LHB Nick Gamble
|
0-0: Ball 1-0: Called Strike 1-1: Foul Ball, location: 2F 1-2: Ball 2-2: Ball 3-2: SINGLE (Groundball, 4D) Fernando Gutiérrez scores
|
Batting: RHB Alfonso Sánchez
|
0-0: Foul Ball, location: 2F 0-1: Called Strike 0-2: Ball 1-2: Strikes out swinging
|
Batting: LHB Joe Storms
|
0-0: Ball 1-0: Swinging Strike 1-1: SINGLE (Flyball, 8LS) Nick Gamble to second
|
Batting: LHB Júlio Guzmán
|
0-0: Called Strike 0-1: Reached on error, E6 (Groundball, 6) Nick Gamble to third Joe Storms to second
|
Batting: RHB Larry Crawford
|
0-0: Fly out, F7 (Flyball, 7) Runner from 3rd tags up, SCORES, throw made
|
Batting: LHB Ángel Flores
|
0-0: Foul Ball, location: 2F 0-1: Foul Ball, location: 2F 0-2: Strikes out swinging
|
Bottom of the 3rd over - 3 run(s), 4 hit(s), 1 error(s), 2 left on base; Savannah 1 - Pensacola 5 |
TOP OF THE 4TH |
Savannah Hogs batting - Pitching for Pensacola Pilots : RHP Juan Martínez
|
Batting: LHB Ivan Costello
|
0-0: Ball 1-0: Ground out 3-1 (Groundball, 34)
|
Batting: LHB Jim Clemente
|
0-0: Ball 1-0: Ball 2-0: Called Strike 2-1: Ball 3-1: Base on Balls
|
Batting: RHB José Fajardo
|
0-0: Called Strike 0-1: SINGLE (Line Drive, 78S) Jim Clemente to second
|
Batting: LHB Miguel Medellín
|
0-0: Called Strike 0-1: Foul Ball, location: 2F 0-2: Fly out, F7 (Flyball, 78S)
|
Batting: RHB Remi Eruzione
|
0-0: Ball 1-0: Ball 2-0: Ball 3-0: Base on Balls Jim Clemente to third José Fajardo to second
|
Batting: RHB Ramón Gómez
|
0-0: Ball 1-0: Swinging Strike 1-1: Fielders Choice at 2nd, 4-6 (Groundball, 4)
|
Top of the 4th over - 0 run(s), 1 hit(s), 0 error(s), 2 left on base; Savannah 1 - Pensacola 5 |
BOTTOM OF THE 4TH |
Pensacola Pilots batting - Pitching for Savannah Hogs : RHP Esteban Ramírez
|
Batting: RHB Marcos García
|
0-0: Ball 1-0: Ball 2-0: Called Strike 2-1: Foul Ball, location: 2F 2-2: Ball 3-2: Strikes out swinging
|
Batting: RHB Leopoldo Horgan
|
0-0: Ball 1-0: Ball 2-0: Ball 3-0: Called Strike 3-1: Base on Balls
|
Batting: SHB Fernando Gutiérrez
|
0-0: Foul Ball, location: 2F 0-1: Ball 1-1: Ball Leopoldo Horgan steals 2nd base 2-1: Called Strike 2-2: Ground out 4-3 (Groundball, 4M) Leopoldo Horgan to third
|
Batting: LHB Nick Gamble
|
0-0: Foul Ball, location: 2F 0-1: Ball 1-1: Ball 2-1: Foul Ball, location: 2F 2-2: Foul Ball, location: 2F 2-2: Ball 3-2: Fly out, F7 (Flyball, 78D)
|
Bottom of the 4th over - 0 run(s), 0 hit(s), 0 error(s), 1 left on base; Savannah 1 - Pensacola 5 |
TOP OF THE 5TH |
Savannah Hogs batting - Pitching for Pensacola Pilots : RHP Juan Martínez
|
Batting: RHB Luis González
|
0-0: Fly out, F8 (Flyball, 8LS)
|
Batting: RHB Guillermo González
|
0-0: Ball 1-0: Ball 2-0: Ball 3-0: Base on Balls
|
Batting: LHB Mario Álvarez
|
0-0: Ball Guillermo González steals 2nd base 1-0: Called Strike 1-1: Called Strike 1-2: Strikes out looking
|
Batting: LHB Ivan Costello
|
0-0: Called Strike 0-1: Foul Ball, location: 2F 0-2: SINGLE (Groundball, 4M) (infield hit) Guillermo González to third
|
Batting: LHB Jim Clemente
|
0-0: Foul Ball, location: 2F 0-1: Ball 1-1: Ball 2-1: Called Strike 2-2: Foul Ball, location: 2F 2-2: Strikes out swinging
|
Top of the 5th over - 0 run(s), 1 hit(s), 0 error(s), 2 left on base; Savannah 1 - Pensacola 5 |
BOTTOM OF THE 5TH |
Pensacola Pilots batting - Pitching for Savannah Hogs : RHP Esteban Ramírez
|
Batting: RHB Alfonso Sánchez
|
0-0: Ball 1-0: Ball 2-0: Called Strike 2-1: Ball 3-1: Called Strike 3-2: SINGLE (Groundball, 6MD)
|
Pitching: RHP António Baca
|
|
Batting: LHB Joe Storms
|
0-0: Ball 1-0: Ball 2-0: Foul Ball, location: 2F 2-1: Ball 3-1: Base on Balls Alfonso Sánchez to second
|
Batting: LHB Júlio Guzmán
|
0-0: Ball 1-0: Fly out, F8 (Flyball, 8RM)
|
Batting: RHB Larry Crawford
|
0-0: Fly out, F7 (Flyball, 7)
|
Batting: LHB Ángel Flores
|
0-0: Swinging Strike 0-1: Ball 1-1: Called Strike 1-2: Foul Ball, location: 2F 1-2: Strikes out swinging
|
Bottom of the 5th over - 0 run(s), 1 hit(s), 0 error(s), 2 left on base; Savannah 1 - Pensacola 5 |
TOP OF THE 6TH |
Savannah Hogs batting - Pitching for Pensacola Pilots : RHP Juan Martínez
|
Batting: RHB José Fajardo
|
0-0: Ball 1-0: Called Strike 1-1: Fly out, F6 (Line Drive, 6M)
|
Batting: LHB Miguel Medellín
|
0-0: Ball 1-0: Called Strike 1-1: Fly out, F8 (Flyball, 8RM)
|
Batting: RHB Remi Eruzione
|
0-0: TRIPLE (Flyball, 9LM)
|
Batting: RHB Ramón Gómez
|
0-0: Ball 1-0: Swinging Strike 1-1: Ground out 5-3 (Groundball, 56)
|
Top of the 6th over - 0 run(s), 1 hit(s), 0 error(s), 1 left on base; Savannah 1 - Pensacola 5 |
BOTTOM OF THE 6TH |
Pensacola Pilots batting - Pitching for Savannah Hogs : RHP António Baca
|
Batting: RHB Marcos García
|
0-0: Foul Ball, location: 2F 0-1: SINGLE (Line Drive, 56D)
|
Batting: RHB Leopoldo Horgan
|
0-0: Called Strike 0-1: Ball 1-1: Swinging Strike 1-2: Ball 2-2: Fly out, F6 (Popup, 6D)
|
Batting: SHB Fernando Gutiérrez
|
0-0: Called Strike 0-1: Ball 1-1: Ball 2-1: Grounds into double play, 6-4-3 (Groundball, 6)
|
Bottom of the 6th over - 0 run(s), 1 hit(s), 0 error(s), 0 left on base; Savannah 1 - Pensacola 5 |
TOP OF THE 7TH |
Savannah Hogs batting - Pitching for Pensacola Pilots : RHP Juan Martínez
|
Batting: RHB Luis González
|
0-0: Ball 1-0: Called Strike 1-1: Ball 2-1: Foul Ball, location: 2F 2-2: Ball 3-2: Fly out, F9 (Flyball, 9LMF)
|
Pitching: LHP Cisco Sánchez
|
|
Batting: RHB Guillermo González
|
0-0: Swinging Strike 0-1: Ball 1-1: Swinging Strike 1-2: Strikes out swinging
|
Batting: LHB Mario Álvarez
|
0-0: SINGLE (Groundball, 34D)
|
Batting: LHB Ivan Costello
|
0-0: Fly out, F9 (Flyball, 89S)
|
Top of the 7th over - 0 run(s), 1 hit(s), 0 error(s), 1 left on base; Savannah 1 - Pensacola 5 |
BOTTOM OF THE 7TH |
Pensacola Pilots batting - Pitching for Savannah Hogs : RHP António Baca
|
Batting: LHB Nick Gamble
|
0-0: Called Strike 0-1: Called Strike 0-2: SOLO HOME RUN (Line Drive, 9D), Distance : 390 ft
|
Batting: RHB Alfonso Sánchez
|
0-0: Ball 1-0: Called Strike 1-1: Foul Ball, location: 2F 1-2: Strikes out swinging
|
Batting: LHB Joe Storms
|
0-0: Ball 1-0: Called Strike 1-1: Ball 2-1: Foul Ball, location: 2F 2-2: Ball 3-2: Base on Balls
|
Batting: LHB Júlio Guzmán
|
0-0: Swinging Strike 0-1: Ball 1-1: Foul Ball, location: 2F 1-2: SINGLE (Groundball, 4MD) Joe Storms to second Runner from 2nd tries for 3rd, SAFE, throw made to third
|
Batting: RHB Larry Crawford
|
0-0: Ball 1-0: Called Strike 1-1: SINGLE (Groundball, 56D) Joe Storms scores Júlio Guzmán to second
|
Pitching: RHP Danny Lee
|
|
Batting: LHB Ángel Flores
|
0-0: Fly out, F7 (Flyball, 7LSF)
|
Batting: RHB Marcos García
|
0-0: Swinging Strike 0-1: Swinging Strike 0-2: Ball 1-2: Ball 2-2: Strikes out swinging
|
Bottom of the 7th over - 2 run(s), 3 hit(s), 0 error(s), 2 left on base; Savannah 1 - Pensacola 7 |
TOP OF THE 8TH |
Savannah Hogs batting - Pitching for Pensacola Pilots : LHP Cisco Sánchez
|
Batting: LHB Jim Clemente
|
0-0: Fly out, F8 (Flyball, 8LM)
|
Batting: RHB José Fajardo
|
0-0: Called Strike 0-1: Swinging Strike 0-2: SINGLE (Flyball, 9LS)
|
Batting: LHB Miguel Medellín
|
0-0: Called Strike 0-1: Called Strike 0-2: Foul Ball, location: 2F 0-2: Ball 1-2: Fly out, F7 (Flyball, 7S)
|
Batting: RHB Remi Eruzione
|
0-0: Ball 1-0: SINGLE (Line Drive, 6MD) José Fajardo to second
|
Batting: RHB Ramón Gómez
|
0-0: Fielders Choice at 2nd, 5-4 (Groundball, 5D)
|
Top of the 8th over - 0 run(s), 2 hit(s), 0 error(s), 1 left on base; Savannah 1 - Pensacola 7 |
BOTTOM OF THE 8TH |
Pensacola Pilots batting - Pitching for Savannah Hogs : RHP Danny Lee
|
Batting: RHB Leopoldo Horgan
|
0-0: Foul Ball, location: 2F 0-1: Ball 1-1: Ball 2-1: Fly out, F6 (Line Drive, 6)
|
Batting: SHB Fernando Gutiérrez
|
0-0: Ball 1-0: Called Strike 1-1: Foul Ball, location: 2F 1-2: Strikes out swinging
|
Batting: LHB Nick Gamble
|
0-0: Called Strike 0-1: Ball 1-1: Foul Ball, location: 2F 1-2: Ball 2-2: Ground out 6-3 (Groundball, 6)
|
Bottom of the 8th over - 0 run(s), 0 hit(s), 0 error(s), 0 left on base; Savannah 1 - Pensacola 7 |
TOP OF THE 9TH |
Savannah Hogs batting - Pitching for Pensacola Pilots : LHP Cisco Sánchez
|
Now at 2B: Robert Rose
|
|
Batting: RHB Luis González
|
0-0: Foul Ball, location: 2F 0-1: Foul Ball, location: 2F 0-2: Ball 1-2: Strikes out swinging
|
Batting: RHB Guillermo González
|
0-0: Hit by Pitch
|
Batting: LHB Mario Álvarez
|
0-0: Foul Ball, location: 2F 0-1: SINGLE (Groundball, 34S) (infield hit) Guillermo González to second
|
Batting: LHB Ivan Costello
|
0-0: Ball 1-0: Fielders Choice at 2nd, 3-6 (Groundball, 3) Guillermo González to third
|
Batting: LHB Jim Clemente
|
0-0: Foul Ball, location: 2F 0-1: Ball 1-1: Ball 2-1: Called Strike 2-2: Fly out, F4 (Popup, 4)
|
Top of the 9th over - 0 run(s), 1 hit(s), 0 error(s), 2 left on base; Savannah 1 - Pensacola 7 |
|